| TOP OF THE 1ST |
|
Binghamton Mets batting - Pitching for Great Lakes Loons : RHP Pat Matera
|
|
Pitching: RHP Pat Matera
|
|
|
Batting: RHB Oscar Bravo
|
0-0: Ball 1-0: Ball 2-0: Foul Ball, location: 2F 2-1: SINGLE (Line Drive, 9LS, EV 108.1 MPH)
|
|
Batting: SHB Jason Evans
|
0-0: Ground out U3 (Groundball, 3L, EV 104.4 MPH) Oscar Bravo to second
|
|
Batting: LHB Bayesa Mundhir
|
0-0: Ball Oscar Bravo steals 3rd base 1-0: Ball 2-0: Ball 3-0: Called Strike 3-1: Base on Balls
|
|
Batting: RHB Mike Hanks
|
0-0: Fly out, F7 (Flyball, 78S, EV 95.0 MPH)
|
|
Batting: LHB Dan Bremseth
|
0-0: Ball 1-0: Called Strike 1-1: DOUBLE (Line Drive, 8RXD, EV 104.4 MPH) Oscar Bravo scores Bayesa Mundhir to third Runner from 3rd tries for Home, SAFE, throw by CF to home
|
|
Batting: RHB Nate Henderson
|
0-0: Ball 1-0: Called Strike 1-1: Ball 2-1: Foul Ball, location: 2F 2-2: SINGLE (Groundball, 6MD, EV 108.1 MPH) Dan Bremseth to third Runner from 3rd tries for Home, SAFE, throw by CF to home Nate Henderson to second
|
|
Batting: LHB Zane Kelton
|
0-0: Ball 1-0: Foul Ball, location: 2F 1-1: Called Strike 1-2: SINGLE (Line Drive, 78M, EV 100.6 MPH) Nate Henderson to third
|
|
Batting: LHB Jamel Alexander
|
0-0: Called Strike 0-1: Ball 1-1: Ball 2-1: Swinging Strike 2-2: Foul Ball, location: 2F 2-2: Ball 3-2: Ground out 4-3 (Groundball, 34S, EV 88.8 MPH)
|
| Top of the 1st over - 3 runs, 4 hits, 0 errors, 2 left on base; Binghamton 3 - Great Lakes 0 |
| BOTTOM OF THE 1ST |
|
Great Lakes Loons batting - Pitching for Binghamton Mets : RHP Ryan Stegall
|
|
Pitching: RHP Ryan Stegall
|
|
|
Batting: LHB Nate Kee
|
0-0: Ball 1-0: Ground out 4-3 (Groundball, 4, EV 86.2 MPH)
|
|
Batting: LHB Tore Bosch
|
0-0: Ball 1-0: Called Strike 1-1: DOUBLE (Line Drive, 3D, EV 95.6 MPH) - OUT at third base trying to stretch hit.
|
|
Batting: LHB Jesus Ramirez
|
0-0: Ball 1-0: Ball 2-0: SINGLE (Groundball, 4MD, EV 95.0 MPH)
|
|
Batting: SHB Xavier Alaniz
|
0-0: Called Strike 0-1: Ball 1-1: Called Strike 1-2: Ball 2-2: Foul Ball, location: 2F 2-2: Foul Ball, location: 2F 2-2: DOUBLE (Line Drive, 9LS, EV 103.8 MPH) Jesus Ramirez to third
|
|
Batting: LHB Jim Jardine
|
0-0: Called Strike 0-1: Called Strike 0-2: Foul Ball, location: 2F 0-2: Strikes out swinging
|
| Bottom of the 1st over - 0 runs, 3 hits, 0 errors, 2 left on base; Binghamton 3 - Great Lakes 0 |
| TOP OF THE 2ND |
|
Binghamton Mets batting - Pitching for Great Lakes Loons : RHP Pat Matera
|
|
Batting: RHB Gang-sheng Chew
|
0-0: Ball 1-0: Called Strike 1-1: Foul Ball, location: 2F 1-2: Ball 2-2: Foul Ball, location: 2F 2-2: Strikes out looking
|
|
Batting: RHB Oscar Bravo
|
0-0: Ball 1-0: Foul Ball, location: 2F 1-1: Swinging Strike 1-2: Foul Ball, location: 2F 1-2: Strikes out looking
|
|
Batting: SHB Jason Evans
|
0-0: Ground out 4-3 (Groundball, 4, EV 90.0 MPH)
|
| Top of the 2nd over - 0 runs, 0 hits, 0 errors, 0 left on base; Binghamton 3 - Great Lakes 0 |
| BOTTOM OF THE 2ND |
|
Great Lakes Loons batting - Pitching for Binghamton Mets : RHP Ryan Stegall
|
|
Batting: RHB Jason Baldwin
|
0-0: Called Strike 0-1: SINGLE (Flyball, 7S, EV 95.6 MPH)
|
|
Batting: RHB Justin Curran
|
0-0: Foul Ball, location: 2F 0-1: Called Strike 0-2: Strikes out looking
|
|
Batting: RHB Javier Solis
|
0-0: Called Strike 0-1: Ball 1-1: Called Strike 1-2: Strikes out looking
|
|
Batting: RHB Ruben Serrata
|
0-0: Called Strike Jason Baldwin steals 2nd base 0-1: Ball 1-1: Foul Ball, location: 2F 1-2: Ground out 6-3 (Groundball, 6M, EV 93.8 MPH)
|
| Bottom of the 2nd over - 0 runs, 1 hit, 0 errors, 1 left on base; Binghamton 3 - Great Lakes 0 |
| TOP OF THE 3RD |
|
Binghamton Mets batting - Pitching for Great Lakes Loons : RHP Pat Matera
|
|
Batting: LHB Bayesa Mundhir
|
0-0: Ground out 5-3 (Groundball, 5, EV 85.6 MPH)
|
|
Batting: RHB Mike Hanks
|
0-0: Ball 1-0: Ball 2-0: Foul Ball, location: 2F 2-1: Foul Ball, location: 2F 2-2: Foul Ball, location: 2F 2-2: Foul Ball, location: 2F 2-2: Strikes out swinging, 2-3 out at first.
|
|
Batting: LHB Dan Bremseth
|
0-0: Called Strike 0-1: Ball 1-1: SINGLE (Groundball, 34S, EV 66.9 MPH) (infield hit)
|
|
Batting: RHB Nate Henderson
|
0-0: Ball 1-0: Called Strike 1-1: Ground out U3 (Groundball, 34S, EV 91.9 MPH)
|
| Top of the 3rd over - 0 runs, 1 hit, 0 errors, 1 left on base; Binghamton 3 - Great Lakes 0 |
| BOTTOM OF THE 3RD |
|
Great Lakes Loons batting - Pitching for Binghamton Mets : RHP Ryan Stegall
|
|
Batting: LHB Nate Kee
|
0-0: Ground out 4-3 (Groundball, 4S, EV 87.5 MPH)
|
|
Batting: LHB Tore Bosch
|
0-0: Ball 1-0: Called Strike 1-1: Ball 2-1: Ball 3-1: Base on Balls
|
|
Batting: LHB Jesus Ramirez
|
0-0: Ball 1-0: Swinging Strike 1-1: Fly out, F3 (Popup, 3S, EV 84.4 MPH)
|
|
Batting: SHB Xavier Alaniz
|
0-0: Called Strike 0-1: Ball Pickoff Throw to First - Out! 1-3 CS
|
| Bottom of the 3rd over - 0 runs, 0 hits, 0 errors, 0 left on base; Binghamton 3 - Great Lakes 0 |
| TOP OF THE 4TH |
|
Binghamton Mets batting - Pitching for Great Lakes Loons : RHP Pat Matera
|
|
Batting: LHB Zane Kelton
|
0-0: Ball 1-0: Ball 2-0: Ball 3-0: Base on Balls
|
|
Batting: LHB Jamel Alexander
|
0-0: Hit by Pitch Zane Kelton to second
|
|
Batting: RHB Gang-sheng Chew
|
0-0: Swinging Strike Passed Ball! Zane Kelton to third Jamel Alexander to second 0-1: Swinging Strike 0-2: Foul Ball, location: 2F 0-2: Ball 1-2: Ball 2-2: Foul Ball, location: 2F 2-2: Strikes out swinging
|
|
Batting: RHB Oscar Bravo
|
0-0: Called Strike 0-1: Foul Ball, location: 2F 0-2: Foul Ball, location: 2F 0-2: Ball 1-2: Strikes out looking
|
|
Batting: SHB Jason Evans
|
0-0: Called Strike 0-1: Ball 1-1: Ball 2-1: Ball 3-1: Foul Ball, location: 2F 3-2: Strikes out looking
|
| Top of the 4th over - 0 runs, 0 hits, 0 errors, 2 left on base; Binghamton 3 - Great Lakes 0 |
| BOTTOM OF THE 4TH |
|
Great Lakes Loons batting - Pitching for Binghamton Mets : RHP Ryan Stegall
|
|
Batting: SHB Xavier Alaniz
|
0-0: Foul Ball, location: 2F 0-1: Fly out, F5 (Popup, 5SF, EV 72.5 MPH)
|
|
Batting: LHB Jim Jardine
|
0-0: Ground out 3-1 (Groundball, 34S, EV 85.0 MPH)
|
|
Batting: RHB Jason Baldwin
|
0-0: Foul Ball, location: 2F 0-1: DOUBLE (Groundball, 5L, EV 96.9 MPH)
|
|
Batting: RHB Justin Curran
|
0-0: Swinging Strike 0-1: Ground out 4-3 (Groundball, 4, EV 105.0 MPH)
|
| Bottom of the 4th over - 0 runs, 1 hit, 0 errors, 1 left on base; Binghamton 3 - Great Lakes 0 |
| TOP OF THE 5TH |
|
Binghamton Mets batting - Pitching for Great Lakes Loons : RHP Pat Matera
|
|
Batting: LHB Bayesa Mundhir
|
0-0: Ground out 4-3 (Groundball, 4, EV 88.8 MPH)
|
|
Batting: RHB Mike Hanks
|
0-0: Foul Ball, location: 2F 0-1: DOUBLE (Flyball, 8LXD, EV 96.2 MPH)
|
|
Batting: LHB Dan Bremseth
|
0-0: Intentional Walk
|
|
Batting: RHB Nate Henderson
|
0-0: Ball 1-0: Ball 2-0: Fielders Choice at 2nd, 4-6 (Groundball, 34, EV 106.9 MPH) Mike Hanks to third
|
|
Batting: LHB Zane Kelton
|
0-0: Ball 1-0: Called Strike 1-1: Ground out 4-3 (Groundball, 34S, EV 90.6 MPH)
|
| Top of the 5th over - 0 runs, 1 hit, 0 errors, 2 left on base; Binghamton 3 - Great Lakes 0 |
| BOTTOM OF THE 5TH |
|
Great Lakes Loons batting - Pitching for Binghamton Mets : RHP Ryan Stegall
|
|
Batting: RHB Javier Solis
|
0-0: Ball 1-0: Foul Ball, location: 2F 1-1: Ball 2-1: Called Strike 2-2: Strikes out swinging
|
|
Batting: RHB Ruben Serrata
|
0-0: Ball 1-0: DOUBLE (Flyball, 78XD, EV 103.8 MPH)
|
|
Batting: LHB Nate Kee
|
0-0: Called Strike 0-1: Ground out 6-3 (Groundball, 4M, EV 90.0 MPH) Ruben Serrata to third
|
|
Batting: LHB Tore Bosch
|
0-0: Ground out 5-3 (Groundball, 56, EV 85.6 MPH)
|
| Bottom of the 5th over - 0 runs, 1 hit, 0 errors, 1 left on base; Binghamton 3 - Great Lakes 0 |
| TOP OF THE 6TH |
|
Binghamton Mets batting - Pitching for Great Lakes Loons : RHP Pat Matera
|
|
Batting: LHB Jamel Alexander
|
0-0: Ball 1-0: Foul Ball, location: 2F 1-1: Ball 2-1: SINGLE (Groundball, 3D, EV 101.2 MPH)
|
|
Batting: RHB Gang-sheng Chew
|
0-0: Ball 1-0: Called Strike 1-1: Foul Ball, location: 2F 1-2: Grounds into double play, 5-4-3 (Groundball, 56, EV 103.1 MPH)
|
|
Batting: RHB Oscar Bravo
|
0-0: Ball 1-0: Ball 2-0: Foul Ball, location: 2F 2-1: Foul Ball, location: 2F 2-2: SOLO HOME RUN (Flyball, 89XD, EV 104.4 MPH), Distance : 415 ft
|
|
Batting: SHB Jason Evans
|
0-0: Ground out 4-3 (Groundball, 4, EV 99.4 MPH)
|
| Top of the 6th over - 1 run, 2 hits, 0 errors, 0 left on base; Binghamton 4 - Great Lakes 0 |
| BOTTOM OF THE 6TH |
|
Great Lakes Loons batting - Pitching for Binghamton Mets : RHP Ryan Stegall
|
|
Batting: LHB Jesus Ramirez
|
0-0: Foul Ball, location: 2F 0-1: Foul Ball, location: 2F 0-2: Ball 1-2: Ball 2-2: Ball 3-2: Base on Balls
|
|
Batting: SHB Xavier Alaniz
|
0-0: Called Strike 0-1: Ball 1-1: Swinging Strike 1-2: Ball 2-2: Strikes out swinging
|
|
Batting: LHB Jim Jardine
|
0-0: Swinging Strike 0-1: Ball 1-1: Foul Ball, location: 2F 1-2: Foul Ball, location: 2F 1-2: Ground out 6-3 (Groundball, 6M, EV 103.1 MPH) Jesus Ramirez to second
|
|
Batting: RHB Jason Baldwin
|
0-0: Fly out, F7 (Flyball, 78M, EV 80.0 MPH)
|
| Bottom of the 6th over - 0 runs, 0 hits, 0 errors, 1 left on base; Binghamton 4 - Great Lakes 0 |
| TOP OF THE 7TH |
|
Binghamton Mets batting - Pitching for Great Lakes Loons : RHP Pat Matera
|
|
Batting: LHB Bayesa Mundhir
|
0-0: Ball 1-0: Called Strike 1-1: Foul Ball, location: 2F 1-2: Strikes out swinging
|
|
Batting: RHB Mike Hanks
|
0-0: Ground out 3-1 (Groundball, 34, EV 89.4 MPH)
|
|
Batting: LHB Dan Bremseth
|
0-0: Ball 1-0: SINGLE (Line Drive, 34D, EV 96.9 MPH)
|
|
Pitching: RHP Andre Wiltz
|
|
|
Batting: RHB Nate Henderson
|
0-0: Called Strike 0-1: Called Strike Dan Bremseth steals 2nd base 0-2: Ball 1-2: Ball 2-2: Foul Ball, location: 2F 2-2: Ball 3-2: Ground out 4-3 (Groundball, 4, EV 84.4 MPH)
|
| Top of the 7th over - 0 runs, 1 hit, 0 errors, 1 left on base; Binghamton 4 - Great Lakes 0 |
| BOTTOM OF THE 7TH |
|
Great Lakes Loons batting - Pitching for Binghamton Mets : RHP Ryan Stegall
|
|
Batting: RHB Justin Curran
|
0-0: DOUBLE (Line Drive, 7LS, EV 108.8 MPH)
|
|
Batting: RHB Javier Solis
|
0-0: Ball 1-0: Swinging Strike 1-1: Ball 2-1: Called Strike 2-2: Ball 3-2: Base on Balls
|
|
Batting: RHB Ruben Serrata
|
0-0: Called Strike 0-1: Ball 1-1: Ball 2-1: Foul Ball, location: 2F 2-2: Fielders Choice at 2nd, 6-4 (Groundball, 6, EV 86.2 MPH) Justin Curran to third
|
|
Batting: LHB Nate Kee
|
0-0: Called Strike Ruben Serrata steals 2nd base (no throw) 0-1: Ball 1-1: SINGLE (Groundball, 34D, EV 105.0 MPH) Justin Curran scores Ruben Serrata to third Runner from 3rd tries for Home, SAFE, throw by RF to home
|
|
Batting: LHB Tore Bosch
|
0-0: Ball Nate Kee steals 2nd, throwing error, E2 Nate Kee to third 1-0: Ground out 4-3 (Groundball, 4M, EV 85.6 MPH) Nate Kee scores
|
|
Batting: LHB Jesus Ramirez
|
0-0: Ball 1-0: Foul Ball, location: 2F 1-1: Ball 2-1: DOUBLE (Groundball, 3L, EV 99.4 MPH)
|
|
Batting: SHB Xavier Alaniz
|
0-0: Ball 1-0: Foul Ball, location: 2F 1-1: Foul Ball, location: 2F 1-2: Ball 2-2: Foul Ball, location: 2F 2-2: Ball 3-2: SINGLE (Groundball, 6MD, EV 105.0 MPH) Jesus Ramirez to third Runner from 3rd tries for Home, SAFE, throw by CF to home Xavier Alaniz to second
|
|
Batting: LHB Jim Jardine
|
0-0: Intentional Walk
|
|
Batting: RHB Jason Baldwin
|
0-0: Ball 1-0: Foul Ball, location: 2F 1-1: Fielders Choice at 2nd, 5-4 (Groundball, 5, EV 93.1 MPH)
|
| Bottom of the 7th over - 4 runs, 4 hits, 1 error, 2 left on base; Binghamton 4 - Great Lakes 4 |
| TOP OF THE 8TH |
|
Binghamton Mets batting - Pitching for Great Lakes Loons : RHP Andre Wiltz
|
|
Batting: LHB Zane Kelton
|
0-0: Swinging Strike 0-1: Ball 1-1: Foul Ball, location: 2F 1-2: Strikes out looking
|
|
Batting: LHB Jamel Alexander
|
0-0: Foul Ball, location: 2F 0-1: Ground out 5-3 (Groundball, 5L, EV 81.9 MPH)
|
|
Pinch Hitting: SHB Jerry Burrows
|
0-0: Ground out U3 (Groundball, 34S, EV 88.1 MPH)
|
| Top of the 8th over - 0 runs, 0 hits, 0 errors, 0 left on base; Binghamton 4 - Great Lakes 4 |
| BOTTOM OF THE 8TH |
|
Great Lakes Loons batting - Pitching for Binghamton Mets : RHP Ryan Stegall
|
|
Pitching: RHP Richard Pye
|
|
|
Now at 3B: Chris Keziah
|
|
|
Batting: RHB Justin Curran
|
0-0: Called Strike 0-1: Foul Ball, location: 2F 0-2: Ground out 5-3 (Groundball, 56, EV 85.6 MPH)
|
|
Batting: RHB Javier Solis
|
0-0: Called Strike 0-1: Ball 1-1: Called Strike 1-2: Ground out U3 (Groundball, 3S, EV 92.5 MPH)
|
|
Batting: RHB Ruben Serrata
|
0-0: SINGLE (Groundball, 56S, EV 73.8 MPH) (infield hit)
|
|
Batting: LHB Nate Kee
|
0-0: Called Strike Ruben Serrata is caught stealing 2nd base 2-6
|
| Bottom of the 8th over - 0 runs, 1 hit, 0 errors, 0 left on base; Binghamton 4 - Great Lakes 4 |
| TOP OF THE 9TH |
|
Binghamton Mets batting - Pitching for Great Lakes Loons : RHP Andre Wiltz
|
|
Batting: RHB Oscar Bravo
|
0-0: Ball 1-0: SINGLE (Groundball, 56D, EV 100.6 MPH)
|
|
Batting: SHB Jason Evans
|
0-0: Ball 1-0: Hit by Pitch Oscar Bravo to second
|
|
Batting: LHB Bayesa Mundhir
|
0-0: Called Strike 0-1: Foul Ball, location: 2F 0-2: Strikes out looking
|
|
Batting: RHB Mike Hanks
|
0-0: Foul Ball, location: 2F 0-1: Foul Ball, location: 2F 0-2: Strikes out swinging
|
|
Batting: LHB Dan Bremseth
|
0-0: Ball 1-0: Ball 2-0: Foul Ball, location: 2F 2-1: Ball 3-1: DOUBLE (Line Drive, 89XD, EV 110.6 MPH) Oscar Bravo scores Jason Evans to third Runner from 3rd tries for Home, SAFE, throw by CF to home
|
|
Batting: RHB Nate Henderson
|
0-0: Ball 1-0: Foul Ball, location: 2F 1-1: SINGLE (Groundball, 5S, EV 75.6 MPH) (infield hit) Dan Bremseth to third
|
|
Batting: LHB Zane Kelton
|
0-0: Ball 1-0: Foul Ball, location: 2F 1-1: Ball 2-1: Called Strike 2-2: Ground out 4-3 (Groundball, 3, EV 98.1 MPH)
|
| Top of the 9th over - 2 runs, 3 hits, 0 errors, 2 left on base; Binghamton 6 - Great Lakes 4 |
| BOTTOM OF THE 9TH |
|
Great Lakes Loons batting - Pitching for Binghamton Mets : RHP Richard Pye
|
|
Pitching: LHP Joe Edwards
|
|
|
Pinch Hitting: RHB Eddie Perry
|
0-0: Called Strike 0-1: Ball 1-1: Swinging Strike 1-2: Foul Ball, location: 2F 1-2: Foul Ball, location: 2F 1-2: DOUBLE (Line Drive, 9LM, EV 99.4 MPH)
|
|
Batting: LHB Tore Bosch
|
0-0: Ball 1-0: Ground out U3 (Groundball, 3L, EV 86.2 MPH) Eddie Perry to third
|
|
Batting: LHB Jesus Ramirez
|
0-0: Called Strike 0-1: Foul Ball, location: 2F 0-2: Ground out 1-3 (Groundball, 15, EV 66.9 MPH)
|
|
Batting: SHB Xavier Alaniz
|
0-0: Foul Ball, location: 2F 0-1: Called Strike 0-2: Ball 1-2: Ground out 5-3 (Groundball, 56, EV 105.0 MPH)
|
| Bottom of the 9th over - 0 runs, 1 hit, 0 errors, 1 left on base; Binghamton 6 - Great Lakes 4 |
|